Map: Cactus Valley LE (Void)

Players

Musumeci - Winner!

  • Race: Zerg Zerg
  • League: Diamond
  • Spawn Location: 1:00

Kellidan

  • Race: Terran Terran
  • League: Diamond
  • Spawn Location: 11:00

VOD

Have the link to the VOD?

Description

Time

  • Played on: March 8, 2017, 12:23 p.m.
  • Length: 13:35
Show
View Real Time Build Order
Export as new Build Order

Musumeci Zerg - Winner!

Build Orders: Hatch First 

Get SALT Encoding   

  12  0:05  Drone  
  13  0:08  Drone  
  14  0:17  Extractor  
  14  0:18  Drone  
  15  0:42  Hatchery  
  14  0:46  Drone, Extractor  
  15  1:05  Spawning Pool  
  15  1:08  Drone, Extractor  
  14  1:12  Extractor  
  13  1:21  Drone  
  13  1:24  Overlord  
  16  1:42  Drone x2  
  16  1:44  Drone  
  19  1:52  Queen  
  21  1:55  Queen  
  21  1:58  Drone  
  24  2:02  Drone  
  24  2:07  Overlord  
  25  2:12  Drone  
  26  2:22  Drone x2  
  28  2:27  Drone x2  
  30  2:30  Queen  
  30  2:36  Extractor  
  31  2:37  Drone x2  
  31  2:43  Queen  
  36  2:53  Extractor  
  36  2:54  Drone  
  36  3:15  Overlord  
  36  3:17  Overlord  
  36  3:23  Extractor  
  36  3:24  Extractor  
  36  3:26  Roach Warren  
  33  3:38  Drone x7  
  40  3:53  Hatchery  
  39  4:01  Drone x7  
  46  4:07  Evolution Chamber  
  46  4:08  Evolution Chamber  
  44  4:13  Drone x2, Extractor  
  45  4:20  Drone  
  46  4:32  Drone x4  
  46  4:36  Extractor  
  46  4:38  Roach  
  51  4:47  Overlord x3  
  51  4:56  Evolution Chamber  
  51  4:59  Roach  
  54  5:07  Roach x7  
  62  5:27  Roach x7  
  61  5:44  Ravager  
  62  5:52  Drone x2  
  62  5:53  Drone  
  62  5:54  Drone  
  62  5:55  Drone x4  
  62  5:56  Queen x3  
  76  6:06  Drone  
  76  6:09  Drone x2  
  79  6:14  Zerg Ground Armor Level 1, Zerg Missile Weapons Level 1  
  80  6:25  Drone x2  
  80  6:27  Drone  
  80  6:30  Overlord  
  80  6:31  Overlord x2, Extractor x2  
  80  6:39  Lair  
  80  6:41  Queen  
  82  6:49  Overlord x2, Spore Crawler x2  
  82  6:50  Spore Crawler  
  82  6:51  Ravager x3  
  82  6:52  Spore Crawler  
  82  6:53  Roach  
  83  7:05  Drone  
  83  7:06  Drone x7  
  91  7:27  Overlord x2  
  91  7:33  Roach x7  
  105  7:39  Glial Reconstitution  
  105  7:43  Drone x3  
  108  7:45  Drone  
  108  7:48  Drone x2  
  108  7:49  Hatchery  
  108  7:50  Drone  
  108  7:51  Drone  
  112  7:55  Drone  
  112  7:56  Drone  
  112  7:57  Drone x2  
  116  8:10  Zerg Missile Weapons Level 2, Zerg Ground Armor Level 2  
  116  8:13  Roach x3  
  116  8:15  Ravager  
  116  8:16  Ravager x4  
  116  8:17  Ravager x3  
  130  8:29  Roach  
  130  8:31  Overlord  
  130  8:32  Overlord x3  
  130  8:49  Extractor  
  130  8:52  Extractor  
  128  8:56  Drone x9  
  137  9:07  Roach x5  
  147  9:13  Roach x3  
  147  9:16  Ravager x7  
  160  9:37  Overlord  
  160  9:38  Overlord x5  
  160  9:45  Infestation Pit  
  159  9:57  Roach x10  
  159  9:59  Ravager  
  185  10:00  Ravager x8  
  190  10:14  Roach x6  
  144  11:21  Roach x7  
  144  11:22  Roach x19  
  144  11:25  Roach  
  136  11:43  Hive  
  138  11:54  Roach x11  
  138  11:55  Roach x3  
  138  11:58  Ravager  
  138  11:59  Ravager x9  
  138  12:00  Ravager x5  
  138  12:01  Ravager x5  
  184  12:13  Drone  
  184  12:14  Drone x6  
  191  12:19  Ravager x6  
  191  12:21  Hatchery, Extractor  
  195  12:23  Hatchery  
  195  12:24  Extractor  
  188  12:54  Roach x6  
Show
View Real Time Build Order
Export as new Build Order

Kellidan Terran 

Build Orders: Reaper Expand, MMM Bio 

Get SALT Encoding   

  12  0:01  SCV  
  13  0:13  SCV  
  14  0:18  Supply Depot  
  14  0:25  SCV  
  15  0:28  Refinery  
  15  0:40  SCV  
  16  0:46  Barracks  
  16  0:53  SCV  
  17  1:09  SCV  
  18  1:21  SCV  
  19  1:36  Orbital Command  
  19  1:37  Reaper  
  20  1:49  Command Center  
  20  2:02  Factory  
  20  2:06  SCV  
  21  2:10  Barracks Reactor  
  21  2:16  Supply Depot  
  21  2:19  SCV  
  22  2:36  SCV  
  23  2:55  Starport  
  23  2:58  Hellion x2  
  27  3:02  SCV  
  28  3:10  Marine  
  28  3:11  Refinery  
  29  3:13  Orbital Command  
  29  3:17  SCV  
  30  3:21  Hellion x2  
  34  3:28  Marine  
  34  3:30  SCV  
  34  3:32  Medivac  
  38  3:42  SCV  
  38  3:44  Supply Depot  
  38  3:46  SCV  
  38  3:47  Supply Depot  
  40  3:49  Hellion  
  42  3:57  SCV  
  42  3:58  Marine  
  44  4:04  SCV  
  44  4:09  SCV, Armory, Hellion  
  48  4:12  Hellion  
  50  4:21  SCV x2  
  52  4:24  Refinery  
  52  4:35  SCV x2  
  52  4:37  Barracks Tech Lab  
  54  4:41  Widow Mine x2  
  58  4:47  SCV x2  
  58  4:48  Refinery  
  58  4:50  Bunker  
  58  4:51  Engineering Bay  
  60  4:52  Engineering Bay  
  60  4:59  Barracks, Stimpack  
  60  5:02  SCV x2  
  58  5:31  SCV x2  
  56  5:37  Liberator  
  56  5:42  Barracks  
  48  5:43  SCV, Barracks  
  48  5:45  Barracks  
  48  5:46  Terran Infantry Weapons Level 1  
  48  5:47  Command Center  
  47  5:55  Factory Tech Lab  
  48  6:06  Terran Infantry Armor Level 1  
  48  6:11  SCV x2  
  48  6:14  Marauder, Marine x2  
  48  6:18  Siege Tank  
  57  6:29  SCV  
  57  6:30  SCV  
  57  6:31  Barracks Reactor  
  57  6:32  Barracks Reactor  
  59  6:37  Marauder, Marine  
  62  6:56  SCV x2, Marine x2  
  66  7:02  Armory  
  66  7:05  Barracks Reactor, Combat Shields  
  66  7:07  Orbital Command  
  66  7:10  Terran Vehicle Weapons Level 1  
  66  7:11  Marine x4  
  66  7:12  Marauder, Siege Tank  
  66  7:14  Marine  
  66  7:15  Starport Reactor  
  76  7:21  Supply Depot  
  76  7:22  Barracks, Supply Depot x2  
  76  7:23  Barracks  
  76  7:26  SCV x2  
  78  7:31  Marine x4  
  78  7:33  Marine  
  83  7:37  Marine x2  
  83  7:43  SCV x2  
  87  7:47  Terran Infantry Weapons Level 2  
  87  7:49  Marine  
  87  7:50  Supply Depot  
  88  7:51  Marine  
  88  7:53  Marine  
  88  7:54  Marine  
  88  7:55  SCV  
  92  8:11  Terran Infantry Armor Level 2  
  92  8:14  Marine  
  92  8:15  Marine x6  
  92  8:16  Barracks Tech Lab x2  
  92  8:17  Marauder  
  104  8:20  Siege Tank  
  104  8:26  Missile Turret x2  
  104  8:31  Medivac x2  
  104  8:32  Marine  
  109  8:35  Orbital Command  
  109  8:45  Supply Depot  
  109  8:48  Marine, Supply Depot  
  109  8:49  Marine x4  
  109  8:50  Supply Depot x2  
  114  9:03  SCV x3  
  114  9:06  Marine x2  
  114  9:07  Marauder x2  
  123  9:15  SCV x2  
  123  9:16  Medivac  
  123  9:17  Medivac  
  129  9:18  Marine, Siege Tank  
  129  9:19  Marine x5  
  138  9:30  Terran Vehicle Weapons Level 2  
  138  9:31  Marine x2  
  138  9:32  Marauder x2  
  144  9:40  Marine  
  144  9:41  Marine x4  
  144  9:45  Supply Depot  
  149  9:46  Marine x2, Medivac  
  149  9:49  Supply Depot x2  
  149  9:51  SCV x2  
  149  9:52  SCV, Supply Depot  
  156  10:03  SCV  
  149  10:23  Marine x6, Siege Tank  
  155  10:34  Marine x5  
  145  10:41  Marine  
  143  10:45  Marine x3  
  143  10:46  Marine x2  
  140  10:53  Marauder x3  
  140  10:54  Marine  
  140  10:55  Refinery x2, Marine  
  148  11:01  Barracks x2  
  148  11:02  Barracks  
  148  11:04  Barracks  
  142  11:06  Marine x6  
  143  11:14  Marauder x3  
  132  11:20  Marine x2  
  132  11:24  Marine x6  
  116  11:33  Siege Tank  
  116  11:35  Marauder x2, Marine, Medivac x2  
  116  11:37  Marine  
  116  11:38  Marine  
  130  12:06  Barracks Tech Lab  
  130  12:07  Barracks Tech Lab  
  130  12:09  Barracks Tech Lab  
  130  12:10  Barracks Tech Lab  
  130  12:22  Marine  
  130  12:23  Marine x6  
  130  12:24  Marauder, Command Center  
  128  12:49  Marine x8  
  128  12:50  Marauder x2, Marine  
  137  13:03  Marine x4  
  139  13:07  Marine x4  
  139  13:08  Marauder  
Tags
 
Add a new tag
Caveats
  • Supply blocks, unpowered buildings, or Contaminate may cause inaccurate times.
  • Supply counts are checked every 10 seconds.